 Dungeon Crawl Stone Soup version 0.23.2-1-ga50397a (webtiles) character file.

Game seed: 6973764053536580619

172 dvd the Skirmisher (level 5, 0/41 HPs)
             Began as a Mummy Fighter on May 9, 2019.
             Killed by divine providence
             ... invoked by an orc priest
              (13 damage)
             ... on level 3 of the Dungeon.
             The game lasted 00:02:58 (1572 turns).

dvd the Skirmisher (Mummy Fighter)                  Turns: 1572, Time: 00:02:59

Health: 0/41       AC:  6    Str: 20    XL:     5   Next: 27%
Magic:  5/5        EV:  7    Int:  7    God:
Gold:   99         SH:  9    Dex: 12    Spells: 4/4 levels left

rFire    x . .     SeeInvis .   a - +0 war axe
rCold    + + .     Gourm    .   c - +0 shield
rNeg     + + +     Faith    .   i - +0 scale mail (curse)
rPois    ∞         Spirit   .   (no helmet)
rElec    .         Reflect  .   (no cloak)
rCorr    .         Harm     .   (no gloves)
MR       .....                  (no boots)
Stlth    ..........             l - amulet of magic regeneration
HPRegen  0.13/turn              k - ring of protection from cold
MPRegen  0.34/turn              (no ring)

@: no status effects
A: no food or potions, fire vulnerability, cold resistance 1, negative energy
resistance 3, torment resistance, unbreathing
a: no special abilities


You were on level 3 of the Dungeon.
You were not hungry.

You visited 1 branch of the dungeon, and saw 3 of its levels.

You collected 99 gold pieces.

Inventory:

Hand Weapons
 a - a +0 war axe (weapon)
 m - a +0 morningstar
Armour
 b - a +0 scale mail
 c - a +0 shield (worn)
 i - a cursed +0 scale mail (worn)
Jewellery
 k - a ring of protection from cold (left hand)
 l - an amulet of magic regeneration (around neck)
Scrolls
 d - 2 scrolls of remove curse
 e - a scroll of fear {unknown}
 f - a scroll of random uselessness
 g - a scroll of enchant weapon {unknown}
 h - 3 scrolls of identify {unknown}
 j - a scroll of amnesia {unknown}
 n - a scroll of magic mapping {unknown}


   Skills:
 + Level 3.5 Fighting
 + Level 3.3 Axes
 + Level 2.7 Armour
 + Level 0.9 Dodging
 + Level 3.0 Shields


You had 4 spell levels left.
You didn't know any spells.
Your spell library contained the following spells:

 Spells                   Type           Power        Failure   Level  Hunger
 Magic Dart               Conj           #...         99%         1    N/A
 Searing Ray              Conj           #.....       100%        2    N/A
 Dazzling Spray           Conj/Hex       #.....       100%        3    N/A
 Force Lance              Conj/Tloc      #.......     100%        4    N/A
 Fulminant Prism          Conj/Hex       #.........   100%        4    N/A
 Iskenderun's Mystic Bla  Conj           #.......     100%        4    N/A

Dungeon Overview and Level Annotations

Branches:
Dungeon (3/15)

Altars:
Vehumet


Innate Abilities, Weirdness & Mutations

You do not eat or drink.
Your flesh is vulnerable to fire.
You are immune to poison.
Your flesh is cold resistant. (rC+)
You are immune to negative energy. (rN+++)
You are immune to unholy pain and torment.
You can survive without breathing.


Message History

The orc throws a tomahawk.
The tomahawk closely misses you. You block the orc's attack.
Items here: )) [[ † a +0 dagger; a +0 robe; a +0 hand axe; a +0 ring mail; an orc corpse Your shield prevents you from hitting the orc.
The orc hits you with a +0 flail.
The orc priest invokes the aid of Beogh against you.
Beogh smites you!
You hit the orc.
The orc is heavily wounded.
You block the orc's attack.
Your shield and scale mail prevent you from hitting the orc.
The orc is heavily wounded.
The orc hits you but does no damage.
You hit the orc.
The orc is almost dead.
You block the orc's attack.
The orc priest invokes the aid of Beogh against you.
Beogh smites you!
You die...

##############.#
...............#
##############.#
..# #.# #.# #.#
..# #)# ### #.#
######.#########
...(....g@oo.....
.######.#########
#.# #.# #.# ..#
###


You could see an orc priest, an orc and a hobgoblin.

Vanquished Creatures
  An orc priest (D:3)
  An orc wizard (D:3)
  6 adders
  2 dart slugs (D:1)
  An orc (D:3)
  6 goblins
  8 hobgoblins
  7 jackals
  7 kobolds
  2 quokkas (D:2)
  10 bats
  A frilled lizard (D:1)
  7 rats
59 creatures vanquished.

Notes
Turn   | Place    | Note
-------+----------+-------------------------------------------
     0 | D:1      | dvd the Mummy Fighter began the quest for the Orb.
     0 | D:1      | Reached XP level 1. HP: 18/18 MP: 1/1
   150 | D:1      | Reached XP level 2. HP: 21/24 MP: 2/2
   525 | D:1      | Reached XP level 3. HP: 28/29 MP: 3/3
   988 | D:2      | Found a radiant altar of Vehumet.
  1098 | D:2      | Reached XP level 4. HP: 35/35 MP: 4/4
  1561 | D:3      | Reached XP level 5. HP: 31/41 MP: 5/5
  1572 | D:3      | Killed from afar by an orc priest

Skill      XL: |  1  2  3  4 |
---------------+-------------+-----
Axes           | 2 3 |  3.3
Shields        | 3 |  3.0
Fighting       | |  3.5
Armour         | |  2.7
Dodging        | |  0.9

Action                   |  1- 3 |  4- 6 || total
-------------------------+-------+-------++-------
Melee: War axe           |   124 |    54 ||   178
       Hand axe          |    10 |       ||    10
  Use: Scroll            |     2 |       ||     2
Armor: Scale mail        |    88 |    35 ||   123
Dodge: Dodged            |    52 |    22 ||    74
Block: Shield            |    95 |    38 ||   133
